 Dungeon Crawl Stone Soup version 0.31.0-2-g5a2aebc5c2 (webtiles) character file.

Game seed: 7239801204349924705

77 poochi the Chopper (level 4, -2/28 HPs)
             Began as a Gargoyle Fighter on Jan 20, 2024.
             Slain by Crazy Yiuf
             ... wielding a +2 quarterstaff of chaos
              (10 damage)
             ... on level 2 of the Dungeon.
             The game lasted 00:03:37 (1669 turns).

poochi the Chopper (Gargoyle Fighter)               Turns: 1669, Time: 00:03:39

Health: -2/28      AC: 10    Str: 28    XL:     4   Next: 34%
Magic:  3/4        EV:  9    Int:  8    God:
Gold:   54         SH:  0    Dex:  9    Spells: 3/3 levels left

rFire   . . .        a - +0 war axe
rCold   . . .        c - +0 buckler
rNeg    + . .        b - +0 scale mail
rPois   ∞            (no helmet)
rElec   +            (no cloak)
rCorr   .            (no gloves)
SInv    .            (no boots)
Will    .....        (no amulet) Stlth
                     g - +6 ring of strength
HPRegen 0.24/turn    (no ring)
MPRegen 0.09/turn

%: no passive effects
@: confused, mighty
A: sickness immunity, AC +3, negative energy resistance 1, electricity
resistance, torment resistance 1, petrification resistance
a: no special abilities


You were on level 2 of the Dungeon.
You visited 1 branch of the dungeon, and saw 2 of its levels.

You collected 54 gold pieces.

Inventory:

Hand Weapons
 a - a +0 war axe (weapon)
Armour
 b - a +0 scale mail (worn)
 c - a +0 buckler (worn)
Jewellery
 g - a +6 ring of strength (left hand)
Scrolls
 e - a scroll of poison
Potions
 f - a potion of mutation {unknown}
 h - a potion of curing
 i - a potion of degeneration {unknown}


   Skills:
 - Level 3.2 Fighting
 * Level 4.1 Axes
 - Level 3.2 Armour
 - Level 3.2 Shields


You had 3 spell levels left.
You didn't know any spells.
Your spell library contained the following spells:

 Spells                   Type           Power      Damage    Failure   Level
 Call Canine Familiar     Summ           0%         N/A       97%         3
 Sigil of Binding         Hex            0%         N/A       97%         3
 Dimensional Bullseye     Hex/Tloc       0%         N/A       100%        4


Dungeon Overview and Level Annotations

Branches:
Dungeon (2/15)

Altars:
Trog
The Shining One

Annotations:
D:2 Crazy Yiuf


Innate Abilities, Weirdness & Mutations

You are immune to sickness and miasma.
Your stone body is resilient. (AC +3)
You are immune to poison.
You resist negative energy. (rN+)
You are resistant to electric shocks. (rElec)
You are resistant to unholy torment.
You are immune to petrification.


Message History

No target in view!
You now have 54 gold pieces (gained 12).
Found a leather armour.
g - a +6 ring of strength You see here a +0 chain mail.
You feel stronger.
g - a +6 ring of strength (left hand)
You see here a +0 leather armour.
You see here a rat skeleton.
Things that are here:
a +0 club; a +0 leather armour; a ball python skeleton
i - a black potion
Found a hammer.
Found a runed translucent door.
No target in view!
You feel very mighty all of a sudden.
You open the door. You slash Crazy Yiuf!
Crazy Yiuf is moderately wounded.
Crazy Yiuf barely misses you.
You barely miss Crazy Yiuf.
Crazy Yiuf is moderately wounded.
Crazy Yiuf says, "Powder sing tired!"
Crazy Yiuf hits you with a +2 quarterstaff of chaos.
You feel your power leaking away. Crazy Yiuf closely misses you.
You closely miss Crazy Yiuf.
Crazy Yiuf is moderately wounded.
Crazy Yiuf says, "Paint!
Aardvark mumblescurry bush."
Crazy Yiuf barely misses you.
You completely miss Crazy Yiuf.
Crazy Yiuf is moderately wounded.
Crazy Yiuf hits you but does no damage.
You are confused.
You miss Crazy Yiuf.
Crazy Yiuf is moderately wounded.
Crazy Yiuf hits you with a +2 quarterstaff of chaos!
Crazy Yiuf freezes you.
* * * LOW HITPOINT WARNING * * *
Crazy Yiuf hits you with a +2 quarterstaff of chaos!
You die...

#########
........##♣♣ ###
#####......♣♣
♣♣#..)#
##....♣.♣♣♣♣@g...#
##......♣..♣#...#
##..
########....♣.♣♣♣
### #..#
......####♣♣♣♣♣
#..# #####.# #..#
#####.########
#..#
#............##
#..#
..###.###.....#
#††# ###
#.........#
###..#######


You could see Crazy Yiuf.

Vanquished Creatures
  3 adders (D:2)
  2 dart slugs
  An orc (D:2)
  6 ball pythons
  4 bats
  7 endoplasms
  A giant cockroach (D:1)
  3 goblins
  5 hobgoblins
  2 quokkas (D:1)
  2 frilled lizards
  7 kobolds
  3 rats
46 creatures vanquished.

Notes
Turn   | Place    | Note
-------+----------+-------------------------------------------
     0 | D:1      | poochi the Gargoyle Fighter began the quest for the Orb.
     0 | D:1      | Reached XP level 1. HP: 14/14 MP: 1/1
    59 | D:1      | Reached skill level 2 in Axes
    95 | D:1      | Reached XP level 2. HP: 14/19 MP: 2/2
   331 | D:1      | Reached skill level 3 in Axes
   382 | D:1      | Reached XP level 3. HP: 23/23 MP: 3/3
   479 | D:1      | Found a faded altar of an unknown god.
   825 | D:1      | Found a glowing golden altar of the Shining One.
  1160 | D:2      | Reached XP level 4. HP: 27/28 MP: 4/4
  1177 | D:2      | Reached skill level 4 in Axes
  1359 | D:2      | Found a bloodstained altar of Trog.
  1657 | D:2      | Found a runed translucent door.
  1658 | D:2      | Noticed Crazy Yiuf
  1669 | D:2      | Slain by Crazy Yiuf

Illustrated notes

Levels and vault maps discovered:
D:1:      dpeg_arrival_water_altar, layout_basic, serial_bayou,
          serial_bayou_lake_a, serial_bayou_pond_d, serial_bayou_ford_a,
          serial_bayou_lagoon_a, hellmonk_ecumenical_altar_leap_of_faith
D:2:      layout_loops_ring, basic_altar, uniq_crazy_yiuf_cottage

Skill      XL: |  1  2  3  4 |
---------------+-------------+-----
Axes           | 2 3 4 |  4.1
Fighting       | |  3.2
Armour         | |  3.2
Shields        | |  3.2

Action                     |  1- 3 |  4- 6 || total
---------------------------+-------+-------++-------
  Melee: War axe           |   124 |    24 ||   148
    Use: Scroll            |     4 |       ||     4
         Potion            |       |     1 ||     1
 Armour: Scale mail        |   101 |    17 ||   118
  Dodge: Dodged            |    72 |    13 ||    85
  Block: Buckler           |    29 |     1 ||    30
